 Dungeon Crawl Stone Soup version 0.28-a0-8-g6e044cfa68 (webtiles) character file.

Game seed: 2771708062396770314

273 Gwenloh the Slasher (level 6, -1/48 HPs)
             Began as a Human Fighter on July 24, 2021.
             Was a Believer of Dithmenos.
             Slain by a sky beast (4 damage)
             ... on level 2 of the Dungeon.
             The game lasted 00:08:56 (3313 turns).

Gwenloh the Slasher (Human Fighter)                 Turns: 3313, Time: 00:08:57

Health: -1/48      AC:  7    Str: 16    XL:     6   Next: 48%
Magic:  7/7        EV:  7    Int:  9    God:    Dithmenos [**....]
Gold:   40         SH:  9    Dex: 14    Spells: 5/5 levels left

rFire   . . .      SeeInvis .   a - +0 long sword
rCold   . . .      Faith    .   c - +0 kite shield
rNeg    . . .      Spirit   .   l - +0 scale mail
rPois   .          Reflect  .   (no helmet)
rElec   .          Harm     .   (no cloak)
rCorr   .          Rampage  .   (no gloves)
Will    .....                   (no boots)
Stlth   ..........              (no amulet)
HPRegen 0.16/turn               (no ring)
MPRegen 0.10/turn               (no ring)

@: wreathed by umbra
A: no striking features
a: Renounce Religion, Shadow Step


You were on level 2 of the Dungeon.
You worshipped Dithmenos.
Dithmenos was pleased with you.
You visited 1 branch of the dungeon, and saw 3 of its levels.

You collected 90 gold pieces.
You spent 50 gold pieces at shops.

Inventory:

Hand Weapons
 a - a +0 long sword (weapon)
 b - a +0 hunting sling
Missiles
 g - 51 stones
 h - 25 poisoned darts (quivered)
 n - 7 curare-tipped darts
Armour
 c - a +0 kite shield (worn)
 l - a +0 scale mail (worn)
Jewellery
 d - a +4 ring of slaying
Scrolls
 e - a scroll of amnesia
 i - 2 scrolls of teleportation
Potions
 f - a potion of haste
 j - a potion of heal wounds {unknown}
 k - 2 potions of curing
 m - 2 potions of degeneration {unknown}


   Skills:
 + Level 4.0 Fighting
 * Level 4.2 Long Blades
 + Level 4.0 Armour
 - Level 3.1 Shields
 + Level 2.4 Invocations


You had 5 spell levels left.
You didn't know any spells.
Your spell library was empty.

Dungeon Overview and Level Annotations

Branches:
Dungeon (3/15)

Altars:
Dithmenos

Shops:
D:2 *[*(


Message History

You block the sky beast's attack.
You closely miss the sky beast.
The sky beast is heavily wounded.
The sky beast hits you. The sky beast shocks you.
You are too injured to fight recklessly!
You hit the sky beast.
The sky beast is severely wounded.
The sky beast flickers out of sight!
Deactivating autopickup; reactivate with Ctrl-A.
Something hits you but does no damage.
There is a stone staircase leading up here.
There is a stone staircase leading up here.
A sky beast appears from thin air!
Reactivating autopickup.
The sky beast hits you. The sky beast shocks you.
You climb upwards.
There is a stone staircase leading down here.
You completely miss the sky beast.
The sky beast is severely wounded.
The sky beast hits you. The sky beast shocks you.
* * * LOW HITPOINT WARNING * * *
You barely miss the sky beast.
The sky beast is severely wounded.
The sky beast hits you.
* * * LOW HITPOINT WARNING * * *
The sky beast shocks you.
* * * LOW HITPOINT WARNING * * *
You block the sky beast's attack.
You feel better. The sky beast barely misses you.
Okay, then.
You barely miss the sky beast.
The sky beast is severely wounded.
The sky beast flickers out of sight!
Deactivating autopickup; reactivate with Ctrl-A.
Something hits you.
* * * LOW HITPOINT WARNING * * *
Something shocks you.
* * * LOW HITPOINT WARNING * * *
You closely miss something. Something hits you.
You die...

...# #.# #.## ##.....##...)....
##.# #)#####..###)####.##.####...
#.# #.........#.## #...........
#.# #######.##..# ####........
#.# #.##..# ##.###... #.#
#.##..#########.###... #.#
#.##................#.
##.#########.###.#########.#####.
.............###@# #.# #.
...............{.# #.# #.
##.###..########## #.### #. ##.#
#..)....# ##≈≈≈###. ...#
##.####.# #≈≈≈≈≈##. #### #.# #.#
#≈≈∩..... #.####.# #≈≈≈≈≈...
#...##.### ##≈≈≈###. #........#
#.### #.


There were no monsters in sight!

Vanquished Creatures
  An ogre (D:3)
  An orc priest (D:3)
  Natasha (thrice) (D:2)
  3 adders (D:2)
  3 dart slugs
  2 orcs (D:3)
  4 ball pythons
  6 endoplasms
  A hobgoblin (D:2)
  2 jackals (D:2)
  7 kobolds
  A quokka (D:1)
  6 bats
  4 frilled lizards
  6 goblins
  6 rats
56 creatures vanquished.

Notes
Turn   | Place    | Note
-------+----------+-------------------------------------------
     0 | D:1      | Gwenloh the Human Fighter began the quest for the Orb.
     0 | D:1      | Reached XP level 1. HP: 18/18 MP: 1/1
   134 | D:1      | Found a faded altar of an unknown god.
   142 | D:1      | Reached XP level 2. HP: 24/24 MP: 2/2
   170 | D:1      | Became a worshipper of Dithmenos the Shadowed
   170 | D:1      | Reached * piety under Dithmenos
   601 | D:1      | Reached XP level 3. HP: 27/29 MP: 3/3
  1029 | D:2      | Found Huomp's Armour Emporium.
  1135 | D:2      | Noticed Natasha
  1140 | D:2      | Killed Natasha
  1141 | D:2      | Reached skill level 1 in Invocations
  1141 | D:2      | Reached XP level 4. HP: 22/35 MP: 4/4
  1145 | D:2      | HP: 1/35 [endoplasm (1)]
  1148 | D:2      | Reached ** piety under Dithmenos
  1476 | D:2      | Found Mim Omie's General Store.
  1677 | D:2      | Found Zetwilumm's General Store.
  1699 | D:2      | Bought a scroll of identify for 26 gold pieces
  1793 | D:2      | Found Mopsa's Weapon Emporium.
  1825 | D:2      | Noticed Natasha
  1835 | D:2      | Killed Natasha
  1836 | D:2      | Reached XP level 5. HP: 33/41 MP: 4/6
  2259 | D:2      | Noticed Natasha
  2272 | D:2      | Killed Natasha
  2510 | D:2      | Bought a scroll of identify for 24 gold pieces
  2755 | D:3      | Noticed an ogre
  3018 | D:3      | Reached XP level 6. HP: 15/48 MP: 7/7
  3255 | D:3      | Killed an ogre
  3269 | D:3      | Noticed a sky beast
  3313 | D:2      | Slain by a sky beast

Illustrated notes

Levels and vault maps discovered:
D:1:      amcnicky_arrival_underground_garden, layout_loops_ring,
          hellmonk_ecumenical_altar_lost_god
D:2:      layout_loops_ring, serial_shops, shop, shop, nicolae_shop_waterfront,
          nicolae_shop_temple_entry_statues_fountains, minmay_puff, uniq_natasha
D:3:      layout_rooms

Skill      XL: |  1  2  3  4  5  6 |
---------------+-------------------+-----
Long Blades    | 3 4 |  4.2
Invocations    | 1 2 |  2.4
Fighting       | 4 |  4.0
Armour         | 4 |  4.0
Shields        | |  3.1

Action                   |  1- 3 |  4- 6 || total
-------------------------+-------+-------++-------
Melee: Long sword        |    63 |    91 ||   154
 Fire: Hunting sling     |       |    40 ||    40
Throw: Stone             |    32 |    22 ||    54
       Dart              |       |     1 ||     1
Invok: Shadow Step       |       |     1 ||     1
  Use: Potion            |     1 |     1 ||     2
       Scroll            |       |     4 ||     4
Armor: Scale mail        |    33 |    50 ||    83
Dodge: Dodged            |    20 |    41 ||    61
Block: Kite shield       |    31 |    71 ||   102
       Rpst.: Long sword |     5 |    11 ||    16

Table legend: (Time is in decaauts)
 A = Elapsed time spent in this place.
 B = Non-inter-level travel time spent in this place.
 C = Inter-level travel time spent in this place.
 D = Time resting spent in this place.
 E = Time spent auto-exploring this place.
 F = Levels seen in this place.
 G = Mean time per level.
                   A        B        C        D        E       F      G
               +--------+--------+--------+--------+--------+-----+--------+
         Total |   3420 |   3289 |    131 |      0 |   2606 |   3 | 1140.0 |
       Dungeon |   3420 |   3289 |    131 |      0 |   2606 |   3 | 1140.0 |
               +--------+--------+--------+--------+--------+-----+--------+

Top non-repeatable levels by time:
     D:2: 2146 daAuts
     D:1: 870 daAuts
     D:3: 403 daAuts
